 Dungeon Crawl Stone Soup version 0.26.0-16-gc1dbca0489 (webtiles) character file.

Game seed: 10997999143939158333

28 EnegeticOcto the Sneak (level 2, -2/28 HPs)
             Began as a Deep Dwarf Delver on Jan 18, 2021.
             Slain by a black bear (3 damage)
             ... on level 6 of the Dungeon.
             The game lasted 00:00:28 (64 turns).

EnegeticOcto the Sneak (Deep Dwarf Delver)            Turns: 64, Time: 00:00:28

Health: -2/28      AC:  3    Str: 15    XL:     2   Next: 96%
Magic:  2/2        EV: 12    Int: 10    God:
Gold:   28         SH:  0    Dex: 14    Spells: 1/1 levels left

rFire    . . .     SeeInvis .   a - +0 hand axe
rCold    . . .     Faith    .   (no shield)
rNeg     . . .     Spirit   .   b - +0 leather armour
rPois    .         Reflect  .   (no helmet)
rElec    .         Harm     .   (no cloak)
rCorr    .         Rampage  .   (no gloves)
Will     .....                  (no boots)
Stlth    +++.......             (no amulet)
HPRegen  0.00/turn              (no ring)
MPRegen  0.08/turn              (no ring)

@: non-regenerating
A: damage resistance, heal wounds, sense surroundings 1, no regeneration
a: Heal Wounds


You were on level 6 of the Dungeon.
You visited 1 branch of the dungeon, and saw 2 of its levels.

You collected 28 gold pieces.

Inventory:

Hand Weapons
 a - a +0 hand axe (weapon)
Armour
 b - a +0 leather armour (worn)
Wands
 g - a wand of digging (3) {@v3}
Scrolls
 c - a scroll of fog {!r}
 e - a scroll of fear {!r}
Potions
 d - 2 potions of flight {unknown}
 f - a potion of haste {@q4 !q}


   Skills:
 - Level 3.0 Fighting
 + Level 2.6 Axes
 - Level 2.6 Dodging
 - Level 6.3 Stealth


You had one spell level left.
You didn't know any spells.
Your spell library was empty.

Dungeon Overview and Level Annotations

Branches:
Dungeon (6/15)             Temple (0/1) D:6

Altars:
Trog


Innate Abilities, Weirdness & Mutations

You are resistant to damage.
You can heal yourself by infusing magical energy.
You passively map a small area around you.
You do not regenerate.


Message History

You fail to use your ability.
The black bear bites you but does no damage.
The black bear closely misses you. The black bear claws you.
You fail to use your ability.
The black bear bites you but does no damage.
The black bear misses you. x2
You feel much better.
The black bear bites you but does no damage.
The black bear misses you. The black bear claws you.
You closely miss the black bear.
The black bear is lightly wounded.
The black bear bites you. The black bear misses you. The black bear claws you.
You hit the black bear.
The black bear is lightly wounded.
The black bear barely misses you. The black bear claws you. x2
You closely miss the black bear.
The black bear is lightly wounded.
The black bear closely misses you. The black bear barely misses you.
The black bear closely misses you.
You hit the black bear.
The black bear is moderately wounded.
The black bear misses you. The black bear barely misses you.
The black bear claws you but does no damage.
You hit the black bear but do no damage.
The black bear is moderately wounded.
The black bear bites you. The black bear claws you.
The black bear claws you but does no damage.
You are too injured to fight recklessly!
You are too injured to fight recklessly!
You are too injured to fight recklessly!
You are too injured to fight recklessly!
You are too injured to fight recklessly!
You are too injured to fight recklessly!
You are too injured to fight recklessly!
You are too injured to fight recklessly!
You are too injured to fight recklessly!
You are too injured to fight recklessly!
You are too injured to fight recklessly!
You are too injured to fight recklessly!
You are too injured to fight recklessly!
You are too injured to fight recklessly!
You are too injured to fight recklessly!
You are too injured to fight recklessly!
You are too injured to fight recklessly!
You are too injured to fight recklessly!
You are too injured to fight recklessly!
You are too injured to fight recklessly!
You feel much better. The black bear bites you.
The black bear claws you but does no damage.
The black bear claws you.
You hit the black bear.
The black bear is moderately wounded.
The black bear bites you. The black bear closely misses you.
The black bear barely misses you. The black bear bites you.
The black bear closely misses you. x2
You hit the black bear.
The black bear is heavily wounded.
The black bear bites you. The black bear barely misses you.
The black bear misses you.
You slash the black bear!
The black bear is severely wounded.
The black bear goes berserk!
You hit the black bear.
The black bear is almost dead.
The black bear bites you. The black bear claws you. x2
The black bear closely misses you. x2; The black bear claws you.
You are too injured to fight recklessly!
You are too injured to fight recklessly!
You are too injured to fight recklessly!
You are too injured to fight recklessly!
You are too injured to fight recklessly!
You are too injured to fight recklessly!
You are too injured to fight recklessly!
You are too injured to fight recklessly!
You are too injured to fight recklessly!
You are too injured to fight recklessly!
You are too injured to fight recklessly!
You are too injured to fight recklessly!
You are too injured to fight recklessly!
You are too injured to fight recklessly!
You are too injured to fight recklessly!
You are too injured to fight recklessly!
You are too injured to fight recklessly!
You are too injured to fight recklessly!
You are too injured to fight recklessly!
You are too injured to fight recklessly!
You are too injured to fight recklessly!
You are too injured to fight recklessly!
You are too injured to fight recklessly!
You hit the black bear.
The black bear is almost dead.
The black bear bites you.
* * * LOW HITPOINT WARNING * * *
The black bear closely misses you. The black bear claws you.
* * * LOW HITPOINT WARNING * * *
You barely miss the black bear.
The black bear is almost dead.
The black bear closely misses you. x2; The black bear barely misses you. x2
The black bear closely misses you. The black bear claws you.
You die...

#..........P.P.,,,,,*
#..............,,,,*,
#.......h....#*,,,*,*
#............#*,,,**,
#............#*,,*,,,
#...5........#*,,,,,,
####h#########*,,,***
#h# ***** * #@# #.#
#.# #.# #.# #.# #<#
###


You could see 2 black bears and a white imp.

Vanquished Creatures
  A centaur skeleton (D:6)
1 creature vanquished.

Notes
Turn   | Place    | Note
-------+----------+-------------------------------------------
     0 | D:5      | EnegeticOcto the Deep Dwarf Delver began the quest for the
                  | Orb.
     0 | D:5      | Reached XP level 1. HP: 20/20 MP: 1/1
    27 | D:6      | Found a bloodstained altar of Trog.
    27 | D:6      | Noticed a black bear
    27 | D:6      | Noticed a black bear
    38 | D:6      | Reached skill level 3 in Fighting
    38 | D:6      | Reached XP level 2. HP: 18/28 MP: 2/2
    63 | D:6      | HP: 1/28 [black bear (4)]
    64 | D:6      | Slain by a black bear

Illustrated notes

Levels and vault maps discovered:
D:5:      minmay_spotlight, layout_rooms
D:6:      layout_basic, grunt_temple_overflow_open, kennysheep_mini_moat,
          minmay_temple_entry_glassed_door, ebering_ghost_rock_garden,
          minmay_misc_feat_secret_circle, trog_ov_bears_minmay

Skill      XL: |  1 |
---------------+----+-----
Fighting       | 3 |  3.0
Axes           | |  2.6
Dodging        | |  2.6
Stealth        | |  6.3

Action                   || total
-------------------------++-------
Melee: Hand axe          ||    17
 Abil: Heal Wounds       ||     2
  Use: Scroll            ||     1
Armor: Leather armour    ||    11
Dodge: Dodged            ||    29
